 Dungeon Crawl Stone Soup version 0.30.0-19-g36f170ea60 (webtiles) character file.

Game seed: 15975261328176525532

115609 jasper the Spry (level 16, -13/96 HPs)
             Began as a Spriggan Venom Mage on May 31, 2023.
             Was a High Priest of Ashenzari.
             Killed from afar by Aizul (18 damage)
             ... with a poison arrow
             ... on level 2 of the Swamp on June 1, 2023.
             The game lasted 01:17:41 (37781 turns).

jasper the Spry (Spriggan Venom Mage)              Turns: 37781, Time: 01:17:42

Health: -13/96     AC:  4    Str:  4    XL:     16   Next: 19%
Magic:  5/31       EV: 28    Int: 29    God:    Ashenzari [*****.]
Gold:   1951       SH:  9    Dex: 17    Spells: 10/35 levels left

rFire   + . .        b - +5 rapier (distort)
rCold   + + .        f - +3 buckler "Share My Embarrassment" {rC+, Self, Elem} (curse)
rNeg    + . .        s - +2 robe of Panopticon {Archmagi, Alch, Elem} (curse)
rPois   .            (helmet restricted)
rElec   .            r - scarf "Thunder Perfect Mind" {rC+ rF+, Elem, Comp} (curse)
rCorr   .            (gloves unavailable)
SInv    +            (boots unavailable)
Will    ++...        N - amulet "Chagrin of Ashenzari" {Regen+, Elem, Melee} (curse)
Stlth   +++++        J - ring "Circumscribed Augurer" {rN+, Elem, Self} (curse)
HPRegen 1.16/turn    x - ring "Sidereal Bad Feelings" {Int+6, Self, Elem} (curse)
MPRegen 0.22/turn

%: clarity, archmagi
@: lethally poisoned (-13 -> -47), very quick
A: very small, no large weapons, unfitting armour, see invisible, speed 3
a: Renounce Religion, Shatter the Chains


You were on level 2 of the Swamp.
You worshipped Ashenzari.
Ashenzari was extremely pleased with you.
You visited 6 branches of the dungeon, and saw 26 of its levels.

You collected 3225 gold pieces.
You spent 1274 gold pieces at shops.

Inventory:

Hand Weapons
 b - a +5 rapier of distortion (weapon)
 d - a +0 dagger of protection
Missiles
 k - 2 datura-tipped darts
 y - 6 throwing nets
Armour
 a - a +0 robe
 f - the cursed +3 buckler "Share My Embarrassment" (worn) {rC+, Self, Elem}
   (You bought it in a shop on level 2 of the Orcish Mines)

   It has a curse which improves the following skills: Introspection: Fighting
   and Spellcasting.
   Elements:  Fire Magic, Ice Magic, Air Magic and Earth Magic.
 r - the cursed scarf "Thunder Perfect Mind" (worn) {rC+ rF+, Elem, Comp}
   (You bought it in a shop on level 5 of the Dungeon)

   It has a curse which improves the following skills: Elements: Fire Magic, Ice
   Magic, Air Magic and Earth Magic.
   Companions: Summonings and Necromancy.
 s - the cursed +2 robe of Panopticon (worn) {Archmagi, Alch, Elem}
   (You bought it in a shop on level 5 of the Dungeon)

   It has a curse which improves the following skills: Alchemy: Poison Magic and
   Transmutations.
   Elements:  Fire Magic, Ice Magic, Air Magic and Earth Magic.
 z - +0 acid dragon scales
Magical Staves
 E - a staff of fire
Jewellery
 x - the cursed ring "Sidereal Bad Feelings" (right hand) {Int+6, Self, Elem}
   (You bought it in a shop on level 2 of the Orcish Mines)

   [ring of intelligence]

   Int:       It affects your intelligence (+6).
   It has a curse which improves the following skills: Introspection: Fighting
   and Spellcasting.
   Elements:  Fire Magic, Ice Magic, Air Magic and Earth Magic.
 B - an amulet of guardian spirit
 J - the cursed ring "Circumscribed Augurer" (left hand) {rN+, Elem, Self}
   (You found it on level 11 of the Dungeon)

   [ring of positive energy]

   rN:        It protects you from negative energy.
   It has a curse which improves the following skills: Elements: Fire Magic, Ice
   Magic, Air Magic and Earth Magic.
   Introspection: Fighting and Spellcasting.
 L - an amulet of reflection
 N - the cursed amulet "Chagrin of Ashenzari" (around neck) {Regen+, Elem, Melee}
   (You found it on level 4 of the Lair of Beasts)

   [amulet of regeneration]

   Regen:     It increases your rate of health regeneration.
   It has a curse which improves the following skills: Elements: Fire Magic, Ice
   Magic, Air Magic and Earth Magic.
   Melee Combat: Short Blades, Long Blades, Axes, Maces & Flails, Polearms,
   Staves and Unarmed Combat.
 Q - a ring of ice
 V - a ring of poison resistance
Wands
 c - a wand of flame (67)
 p - a wand of digging (3)
 O - a wand of paralysis (12)
Scrolls
 g - 4 scrolls of fog
 j - 2 scrolls of brand weapon
 l - 6 scrolls of fear
 n - 4 scrolls of magic mapping
 v - 5 scrolls of poison
 w - 9 scrolls of teleportation
 C - 3 scrolls of immolation
 K - 3 scrolls of silence
 M - 3 scrolls of amnesia
 S - a scroll of enchant armour
 T - 2 scrolls of butterflies
Potions
 e - 2 potions of haste
 h - 8 potions of mutation
 i - 10 potions of curing
 o - 5 potions of flight
 t - 5 potions of ambrosia
 u - 3 potions of invisibility
 A - a potion of berserk rage
 D - 2 potions of might
 F - 2 potions of cancellation
 H - a potion of lignification
 I - 4 potions of heal wounds
 R - 2 potions of magic
 U - a potion of brilliance
Miscellaneous
 P - a condenser vane (inert)


   Skills:
 - Level 12.0(16.1) Fighting
 - Level 16.5 Dodging
 - Level 10.0 Stealth
 - Level 6.0 Shields
 - Level 6.2(10.3) Spellcasting
 - Level 8.4 Conjurations
 - Level 1.3(2.7) Transmutations
 + Level 5.3(11.5) Fire Magic
 - Level 12.2(18.9) Ice Magic
 - Level 5.0(11.1) Air Magic
 - Level 5.8(7.9) Poison Magic


You had 10 spell levels left.
You knew the following spells:

 Your Spells              Type           Power      Damage    Failure   Level
a - Sting                 Tmut/Pois      100%       1d8       1%          1
b - Poisonous Vapours     Pois/Air       100%       N/A       1%          2
c - Mephitic Cloud        Conj/Pois/Air  80%        N/A       1%          3
d - Olgreb's Toxic Radia  Pois           75%        N/A       2%          4
e - Ignite Poison         Fire/Tmut/Pois 72%        N/A       1%          3
f - Freezing Cloud        Conj/Ice/Air   47%        6-21      1%          5
g - Ozocubu's Refrigerat  Ice            56%        4d19      2%          7

Your spell library contained the following spells:

 Spells                   Type           Power      Damage    Failure   Level
 Ozocubu's Armour         Ice            100%       N/A       0%          3
 Magic Dart               Conj           100%       1d8       1%          1
 Cigotuvi's Dreadful Rot  Necr/Pois/Air  100%       N/A       1%          2
 Searing Ray              Conj           100%       2d8       1%          2
 Inner Flame              Hex/Fire       64%        N/A       1%          3
 Volatile Blastmotes      Fire/Tloc      100%       2d18      1%          3
 Flame Wave               Conj/Fire      83%        2d18      1%          4
 Sticky Flame             Conj/Fire      83%        2d9       1%          4
 Metabolic Englaciation   Hex/Ice        40%        N/A       3%          5
 Necrotise                Necr           96%        1d8       5%          1
 Call Imp                 Summ           48%        N/A       9%          2
 Lesser Beckoning         Tloc           44%        N/A       10%         2
 Fulminant Prism          Conj/Hex       28%        3d13      11%         4
 Iskenderun's Mystic Bla  Conj/Tloc      56%        2d12      11%         4
 Vampiric Draining        Necr           24%        2d7       17%         3
 Gell's Gravitas          Tloc           22%        N/A       19%         3
 Teleport Other           Tloc           22%        N/A       19%         3
 Simulacrum               Ice/Necr       41%        N/A       19%         6
 Lee's Rapid Deconstruct  Erth           15%        3d10*     75%         5
 Agony                    Necr           24%        N/A       83%         5
 Polar Vortex             Ice            56%        N/A       95%         9
 Ignition                 Fire           44%        3d13      98%         8


Dungeon Overview and Level Annotations

Branches:
Dungeon (15/15)            Temple (1/1) D:4            Lair (5/5) D:9
  Swamp (2/4) Lair:3       Spider (0/4) Lair:2        Slime (1/5) Lair:4
    Orc (2/2) D:11            Elf (0/3) Orc:2        Vaults (0/5) D:14
 Depths (0/4) D:15

Altars:
Ashenzari
Cheibriados
Dithmenos
Gozag
Hepliaklqana
Kikubaaqudgha
Makhleb
Nemelex Xobeh
Okawaru
Qazlal
Trog
Uskayaw
Vehumet
Wu Jian
Xom
Zin
The Shining One
Jiyva
Lugonu

Shops:
D:5 [   D:9 [   Orc:2 [=**

Portals:
Abyss: Lair:5
Pandemonium: Orc:2

Annotations:
D:5 2 runed translucent doors, Charmandara's ghost, novice TeCj
D:7 3 runed translucent doors, AverageBear's ghost, novice HOMo
D:8 exclusion: 2 oklob saplings
Lair:1 exclusion: oklob plant
Swamp:2 Aizul


Innate Abilities, Weirdness & Mutations

You are very small and have problems with some larger weapons.
You are too small for most types of armour.
You have supernaturally acute eyesight. (SInv)
You cover ground extremely quickly. (Speed+++)


Message History

You take 35 damage, and have 61/96 hp.
MASSIVE DAMAGE!!
You now have 3/31 mp.
Casting: Ozocubu's Refrigeration (dangerous; 2% risk of failure)
Confirm with . or Enter, or press ? or * to list all spells.
You don't have enough magic to cast this spell.
Unknown command.
Aiming: Mindburst
Press: ? - help, Shift-Dir - straight line, f - Aizul
Aim: Aizul (almost dead, chance to affect: 1%) Aizul resists with almost no effort.
You feel very sick.
You take 3 damage, and have 58/96 hp.
Aiming: Mindburst
Press: ? - help, Shift-Dir - straight line, f/p - Aizul
Aim: Aizul (almost dead, chance to affect: 1%) Aizul resists with almost no effort.
The now-empty wand crumbles to dust.
You feel very sick. Aizul casts a spell at you. The bolt of poison misses you.
You take 3 damage, and have 55/96 hp.
You barely miss Aizul.
Aizul is almost dead.
You feel very sick. Aizul closely misses you. Aizul casts a spell at you.
The bolt of poison hits you!!
You are more poisoned.
You take 25 damage, and have 30/96 hp.
MASSIVE DAMAGE!!
You feel better. You block Aizul's attack.
You regained 6 hp, and now have 36/96 hp.
You hit Aizul but do no damage.
Aizul is almost dead.
Aizul blinks!
Aizul casts a spell at you. The bolt of poison hits you!!
You are poisoned.
* * * LOW HITPOINT WARNING * * *
Aizul casts a spell at you. The poison arrow hits you!!
You are more poisoned.
You die...

* , ~ ~ , ,,,, *
♣.~~~~..~..,, , *
,**♣.~§~~...~♣ , * ♣~
~*♣.......~.♣.~ ,
♣~♣♣♣♣~.~~......~ *
*♣~....~~S~~~~♣..., *
~...~~~~§~~§~~..~~~ ,,
*
,..~~§~~~~~~~~..~~~,**
, * ,.~~~~~~~..@§.♣*
** ~ ♣~[.~~§...~~~~♣♣♣
, ~ ♣♣§~......~~~♣♣♣ ,
* * , ♣...♣....~~~.♣
*~~ , , ♣.<.§~~.~~~.♣
*~ ~ * , ~
♣..~§~~~~~.♣♣ , * * ,
♣♣.~~~§~~~~.~♣ , ~ , ,
♣~.~~~~~~~~~~♣ *~ ,
♣>~~...~....♣♣ ~ , ~ ~
,*


You could see Aizul.

Vanquished Creatures
  Rupert (Lair:5)
  Jorgrun (D:13)
  Frances (Swamp:1)
  Donald (Swamp:2)
  An orc warlord (Orc:1)
  A stone giant (D:15)
  2 bunyips (Swamp:2)
  Josephine (D:13)
  Erolcha (D:10)
  Harold (Orc:1)
  2 demonspawn (Orc:2)
  A rakshasa (D:15)
  7 hydras
  An ogre mage (D:15)
  3 centaur warriors
  2 catoblepae (D:14)
  8 two-headed ogres
  3 boulder beetles
  6 death yaks
  2 tengu warriors (D:15)
  4 alligators (Swamp:2)
  2 thrashing horrors (Lair:5)
  7 orc high priests (Orc:2)
  2 large abominations (Lair:5)
  2 goliath frogs (Swamp:1)
  A spriggan druid (Swamp:1)
  A deep troll (Lair:3)
  5 bog bodies
  A swamp dragon (Swamp:1)
  7 orc knights
  A lindwurm (Orc:1)
  6 orc sorcerers
  6 manticores
  3 cyclopes
  7 ugly things
  A will-o-the-wisp (Swamp:2)
  A rust devil (Orc:2)
  4 deep elf pyromancers
  A salamander (shapeshifter) (D:14)
  21 elephants
  4 black mambas
  3 smoke demons (Lair:5)
  2 torpor snails
  An unseen horror (D:11)
  Maggie (Lair:1)
  11 cane toads
  2 kobold demonologists (D:12)
  A rime drake (Lair:4)
  11 komodo dragons
  An ice devil (Orc:2)
  An ancient zyme (Lair:5)
  6 trolls
  A troll (shapeshifter) (Lair:5)
  A hellwing (Orc:2)
  3 meliai (D:15)
  3 polar bears
  2 meliai (shapeshifter) (D:15)
  4 bloated husks
  A tarantella (shapeshifter) (D:13)
  8 hornets
  A wind drake (shapeshifter) (D:14)
  4 tyrant leeches
  10 blink frogs (Lair:5)
  A blink frog (shapeshifter) (Lair:5)
  6 dream sheep (Lair:4)
  2 vampires
  A centaur simulacrum (D:14)
  3 ynoxinuls
  14 slime creatures
  2 shadows (D:11)
  5 wraiths
  8 spriggans
  3 wyverns
  48 yaks
  A hog (shapeshifter) (D:15)
  5 basilisks
  A chaos spawn (Orc:2)
  11 vampire mosquitoes
  3 swamp worms
  6 wargs
  13 water moccasins
  5 acid dragons
  2 swamp drakes
  2 black bears
  29 orc warriors
  2 sky beasts
  5 ice beasts
  9 small abominations (Lair:5)
  6 centaurs
  2 boggarts (D:14)
  4 wolves (Lair:3)
  10 ogres
  2 phantoms
  6 kobold brigands
  14 bullfrogs
  5 scorpions
  3 gnoll sergeants
  7 wights
  4 killer bees (D:10)
  3 troll zombies (D:11)
  4 electric eels
  9 howler monkeys
  6 hounds
  Crazy Yiuf (D:2)
  2 gnoll boudas
  30 orc priests
  3 sleepcaps
  4 jellies
  Jessica (D:2)
  An iguana (D:5)
  26 orc wizards
  5 ogre zombies (D:11)
  12 adders
  18 gnolls
  A shadow imp (D:6)
  5 worms
  2 dart slugs
  76 orcs
  8 ball pythons
  2 bats
  7 endoplasms
  4 giant cockroaches
  7 goblins
  6 hobgoblins
  9 jackals
  18 kobolds
  4 quokkas
  5 frilled lizards
  4 goblin zombies (D:11)
  A hobgoblin zombie (D:11)
  2 orc skeletons (D:11)
  18 orc zombies (D:11)
  3 rats (D:2)
768 creatures vanquished.

Vanquished Creatures (others)
  An ugly thing (D:15)
  A bloated husk (Swamp:2)
  2 foxfires (Swamp:2)
4 creatures vanquished.

Grand Total: 772 creatures vanquished

Notes
Turn   | Place    | Note
-------+----------+-------------------------------------------
     0 | D:1      | jasper the Spriggan Venom Mage began the quest for the Orb.
     0 | D:1      | Reached XP level 1. HP: 9/9 MP: 5/5
   158 | D:1      | Reached XP level 2. HP: 13/13 MP: 0/7
   161 | D:1      | Learned a level 2 spell: Poisonous Vapours
   668 | D:1      | Reached XP level 3. HP: 16/16 MP: 3/8
   672 | D:1      | Learned a level 3 spell: Mephitic Cloud
  1687 | D:2      | Noticed Jessica
  1697 | D:2      | Killed Jessica
  1698 | D:2      | Reached skill level 5 in Poison Magic
  1698 | D:2      | Reached XP level 4. HP: 21/21 MP: 1/9
  1840 | D:2      | Found a runed translucent door.
  1841 | D:2      | Noticed Crazy Yiuf
  2258 | D:2      | Killed Crazy Yiuf
  2439 | D:3      | Found a shimmering altar of Xom.
  2592 | D:3      | Identified the +3 pair of boots of Immorality {rPois Regen+
                  | Int+3}
  2694 | D:3      | Reached XP level 5. HP: 24/24 MP: 1/10
  3214 | D:3      | Learned a level 4 spell: Olgreb's Toxic Radiance
  3256 | D:4      | Found a glowing silver altar of Zin.
  3283 | D:4      | Noticed a black bear
  3317 | D:4      | Killed a black bear
  3338 | D:4      | Learned a level 3 spell: Ignite Poison
  3667 | D:4      | Found a staircase to the Ecumenical Temple.
  3727 | Temple   | Entered the Ecumenical Temple
  3733 | Temple   | Became a worshipper of Ashenzari the Shackled
  3771 | D:4      | Noticed a phantom
  3796 | D:4      | Killed a phantom
  3797 | D:4      | Reached skill level 5 in Spellcasting
  3797 | D:4      | Reached XP level 6. HP: 28/28 MP: 13/15
  4404 | D:4      | Found a sparkling altar of Nemelex Xobeh.
  4464 | D:4      | Found a hazy altar of Hepliaklqana.
  4613 | D:5      | Entered Level 5 of the Dungeon
  4706 | D:5      | Found a runed translucent door.
  4707 | D:5      | Noticed Charmandara's ghost (novice TeCj)
  4898 | D:5      | Found an iron altar of Okawaru.
  5239 | D:5      | Reached skill level 1 in Conjurations
  5239 | D:5      | Reached XP level 7. HP: 32/32 MP: 7/17
  5322 | D:5      | Reached skill level 1 in Air Magic
  5356 | D:5      | Reached skill level 1 in Fire Magic
  5596 | D:5      | Found a shadowy altar of Dithmenos.
  5886 | D:5      | Learned a level 5 spell: Freezing Cloud
  5937 | D:5      | Found a runed translucent door.
  6007 | D:5      | Found a stormy altar of Qazlal.
  6037 | D:5      | Reached skill level 3 in Dodging
  6191 | D:5      | Reached skill level 1 in Fighting
  6265 | D:5      | Found Vaunwa's Antique Armour Shop.
  6273 | D:5      | Bought an embroidered robe for 111 gold pieces
  6410 | D:6      | Reached skill level 4 in Dodging
  6410 | D:6      | Reached skill level 5 in Stealth
  6410 | D:6      | Reached XP level 8. HP: 33/39 MP: 10/18
  6679 | D:6      | Reached skill level 5 in Dodging
  6681 | D:6      | Reached * piety under Ashenzari
  7120 | D:6      | Reached skill level 6 in Dodging
  7493 | D:6      | Reached XP level 9. HP: 43/46 MP: 14/20
  7710 | D:7      | Reached skill level 7 in Dodging
  7832 | D:7      | Reached ** piety under Ashenzari
  8113 | D:7      | Found a radiant altar of Vehumet.
  8514 | D:7      | Noticed a manticore
  8517 | D:7      | Noticed AverageBear's ghost (novice HOMo)
  8519 | D:7      | Found a runed translucent gate.
  8520 | D:7      | Found a runed translucent gate.
  8734 | D:7      | Reached skill level 8 in Dodging
  9117 | D:7      | Found a runed translucent gate.
  9240 | D:7      | Found a bloodstained altar of Trog.
  9415 | D:7      | Reached skill level 10 in Stealth
  9897 | D:8      | Reached skill level 5 in Fighting
  9998 | D:8      | Reached *** piety under Ashenzari
 10068 | D:8      | Reached skill level 9 in Dodging
 11010 | D:8      | Reached XP level 10. HP: 55/56 MP: 12/23
 11012 | D:8      | Reached skill level 10 in Dodging
 11409 | D:9      | Found a hide-covered altar of Uskayaw.
 11420 | D:9      | Found an ornate altar of the Wu Jian Council.
 11712 | D:9      | Found a staircase to the Lair.
 11721 | D:9      | Noticed a two-headed ogre
 11730 | D:9      | Killed a two-headed ogre
 11867 | D:9      | Found Fece's Armour Boutique.
 11955 | D:9      | Noticed a two-headed ogre
 11959 | D:9      | Killed a two-headed ogre
 11975 | D:9      | Reached **** piety under Ashenzari
 12538 | D:10     | Entered Level 10 of the Dungeon
 12539 | D:10     | Noticed Erolcha
 12541 | D:10     | Reached skill level 5 in Conjurations
 12543 | D:10     | Killed Erolcha
 12544 | D:10     | Reached XP level 11. HP: 64/64 MP: 7/24
 12719 | D:10     | Found a burning altar of Makhleb.
 12878 | D:10     | Found an opulent altar of Gozag.
 13307 | D:10     | Noticed a two-headed ogre
 13311 | D:10     | Killed a two-headed ogre
 13762 | D:5      | Bought an embroidered scarf for 240 gold pieces
 13904 | D:11     | You fall into a shaft and drop 3 floors!
 13923 | D:14     | Noticed a catoblepas
 13933 | D:14     | Killed a catoblepas
 13934 | D:14     | Reached skill level 1 in Ice Magic
 14139 | D:14     | Noticed a centaur warrior
 14144 | D:14     | Killed a centaur warrior
 14395 | D:14     | Noticed a catoblepas
 14412 | D:14     | Killed a catoblepas
 14643 | D:12     | Noticed a boulder beetle
 14648 | D:12     | Killed a boulder beetle
 14749 | D:12     | Noticed a deep elf pyromancer
 14757 | D:12     | Killed a deep elf pyromancer
 14930 | D:12     | Reached XP level 12. HP: 61/67 MP: 14/25
 15185 | D:11     | Reached skill level 5 in Air Magic
 15495 | D:11     | Noticed a boulder beetle
 15499 | D:11     | Killed a boulder beetle
 15652 | D:11     | Found a staircase to the Orcish Mines.
 16043 | Lair:1   | Entered Level 1 of the Lair of Beasts
 16154 | Lair:1   | Noticed Maggie
 16158 | Lair:1   | Reached skill level 5 in Ice Magic
 16159 | Lair:1   | Killed Maggie
 16340 | Lair:1   | Learned a level 7 spell: Ozocubu's Refrigeration
 16801 | Lair:1   | Noticed a death yak
 16802 | Lair:1   | Noticed a death yak
 16804 | Lair:1   | Noticed a death yak
 16806 | Lair:1   | Noticed a death yak
 16810 | Lair:1   | Killed a death yak
 16815 | Lair:1   | Killed a death yak
 16867 | Lair:1   | Killed a death yak
 17006 | Lair:1   | Killed a death yak
 17554 | Lair:2   | Noticed a five-headed hydra
 17564 | Lair:2   | Killed a five-headed hydra
 18270 | Lair:2   | Reached XP level 13. HP: 59/72 MP: 12/26
 18398 | Lair:2   | Found a hole to the Spider Nest.
 19151 | Lair:3   | Reached skill level 10 in Ice Magic
 19598 | Lair:3   | Found a staircase to the Swamp.
 20413 | Lair:4   | Found a staircase to the Slime Pits.
 20413 | Lair:4   | Found a viscous altar of Jiyva.
 21827 | Orc:1    | Entered Level 1 of the Orcish Mines
 21830 | Orc:1    | Noticed Harold
 21838 | Orc:1    | Killed Harold
 22134 | Orc:2    | Entered Level 2 of the Orcish Mines
 22252 | Orc:2    | Reached ***** piety under Ashenzari
 22334 | Orc:2    | Found Yggauckirr's General Store.
 22608 | Orc:1    | Noticed an orc warlord
 23094 | Orc:2    | Found a staircase to the Elven Halls.
 23357 | Orc:2    | Found Uryilepi's General Store.
 23754 | Orc:2    | Bought 2 scrolls of teleportation for 66 gold pieces
 23754 | Orc:2    | Bought 2 potions of curing for 66 gold pieces
 23756 | Orc:2    | Bought a scroll of fog for 56 gold pieces
 23756 | Orc:2    | Bought a potion of curing for 42 gold pieces
 23797 | Orc:2    | Reached skill level 11 in Dodging
 23929 | Orc:2    | Reached XP level 14. HP: 57/79 MP: 11/28
 24620 | Orc:2    | Reached skill level 12 in Dodging
 25075 | Orc:2    | Found Imexykh's Jewellery Boutique.
 25075 | Orc:2    | Found Ygocey Pegee's Antique Armour Shop.
 25076 | Orc:2    | Found a one-way gate leading to the halls of Pandemonium.
 25080 | Orc:2    | Bought a glowing buckler for 225 gold pieces
 25089 | Orc:2    | Bought a +6 ring of intelligence for 468 gold pieces
 25212 | Orc:1    | Reached skill level 1 in Shields
 25598 | Orc:1    | Killed an orc warlord
 26094 | Lair:5   | Entered Level 5 of the Lair of Beasts
 26109 | Lair:5   | Noticed Rupert
 26111 | Lair:5   | Paralysed by Rupert for 4 turns
 26125 | Lair:5   | Killed Rupert
 26845 | Lair:5   | Identified a scroll of acquirement
 26883 | Lair:5   | Reached skill level 5 in Shields
 26953 | Lair:5   | Acquired 1101 gold pieces
 27223 | Slime:1  | Entered Level 1 of the Pits of Slime
 28246 | Lair:5   | Reached skill level 13 in Dodging
 28861 | Lair:5   | Reached XP level 15. HP: 88/88 MP: 15/30
 29045 | Lair:5   | Reached skill level 10 in Fighting
 29262 | Lair:5   | Found a corrupted altar of Lugonu.
 29262 | Lair:5   | Found a one-way gate to the infinite horrors of the Abyss.
 30344 | D:12     | Reached skill level 14 in Dodging
 30850 | D:13     | Noticed Jorgrun
 30855 | D:13     | Killed Jorgrun
 31364 | D:13     | Noticed Josephine
 31368 | D:13     | Killed Josephine
 31559 | D:13     | Found a glowing silver altar of Zin.
 32571 | D:14     | Found an ancient bone altar of Kikubaaqudgha.
 32824 | D:14     | Found a gate to the Vaults.
 32827 | D:14     | Reached skill level 15 in Dodging
 33108 | D:15     | Entered Level 15 of the Dungeon
 33108 | D:15     | Found a stormy altar of Qazlal.
 34787 | D:15     | Reached skill level 16 in Dodging
 34856 | D:15     | Found a staircase to the Depths.
 35290 | Swamp:1  | Entered Level 1 of the Swamp
 35720 | Swamp:1  | Noticed Frances
 35725 | Swamp:1  | Killed Frances
 36432 | Swamp:1  | Reached XP level 16. HP: 98/98 MP: 10/32
 37414 | Swamp:2  | Noticed Donald
 37547 | Swamp:2  | Reached skill level 5 in Fire Magic
 37616 | Swamp:2  | Killed Donald
 37772 | Swamp:2  | Noticed Aizul
 37781 | Swamp:2  | Killed from afar by Aizul

Illustrated notes

Levels and vault maps discovered:
D:1:      lightli_arrival_flooded_house, layout_rooms, serial_bayou_crossing
D:2:      layout_loops_ring, kennysheep_jessica_study, uniq_crazy_yiuf_cottage
D:3:      layout_rooms, xom_butterflies, kennysheep_generic_room_12
D:4:      layout_loops_ring, mainiacjoe_overflow_surrounded_room,
          nemelex_dance_club_becter, nzn_hepliaklqana_mist_gate,
          minmay_temple_entry_hall
D:5:      layout_basic, mainiacjoe_overflow_paths, kennysheep_okawaru_gauntlet,
          mainiacjoe_overflow_alcove_2, serial_shops,
          nicolae_shop_tiny_statue_garden, ebering_ghost_sewer_f,
          kb_lookout_dungeons_type, minmay_misc_feat_four_crosses
D:6:      layout_rooms
D:7:      layout_layer_cave, mainiacjoe_overflow_alcove_1,
          general_overflow_altar, gammafunk_ghost_split
D:8:      layout_basic, introduction_to_nature_1
D:9:      layout_small_grid, amethyst_overflow_temple_binary,
          david_lair_shrubbed, serial_shops, shop
D:10:     layout_long_grid, bloody_makhleb, nicolae_gozag_seed_capital,
          kennysheep_generic_room_4, uniq_erolcha
D:11:     layout_cave_pools, zombieorc2_lemuel
D:12:     layout_basic
D:13:     layout_basic, zin_scriptorium, uniq_josephine, uniq_jorgrun
D:14:     layout_loops_ring, david_vaults_1, kiku_gazebo_garden_becter, hex_tiny
D:15:     grunt_enter_depths_snipers, layout_basic, minmay_misc_feat_pillars,
          serial_glass, glass_columns_a, glass_columns_a,
          nicolae_qazlal_scattered_showers
Temple:   chequers_temple_sunken
Lair:1:   layout_long_grid, minmay_lair_oklob_items, uniq_maggie
Lair:2:   layout_regular_city, nicolae_spider_entry_non_spiders, minmay_holes,
          serial_bayou_pond_a
Lair:3:   dreamdust_cave_troll, layout_loops_ring, minmay_swamp_entry_swarm,
          gauntlet_entry_generic, infiniplex_staircase_pool, grunt_megastairs_5
Lair:4:   layout_long_grid, slime_entry_1, grunt_megastairs_1
Lair:5:   hellmonk_lair_end_abyssal_woods, layout_gridlike, grunt_megastairs_2,
          serial_bayou_shore_a, uniq_rupert
Swamp:1:  layout_basic_swamp, evilmike_swamp_ruin_house_4, uniq_frances
Swamp:2:  layout_basic_swamp, serial_swamp_ruin, evilmike_swamp_ruin_house_1,
          evilmike_swamp_ruin_house_5, evilmike_swamp_ruin_house_2, uniq_donald,
          uniq_aizul, uniq_nikola
Slime:1:  layout_caves, cheibrodos_slime_lost_civilization_7
Orc:1:    layout_caves, basic_altar, nicolae_volcano_entry_vermiform,
          uniq_harold
Orc:2:    pf_orc_diabolical, layout_caves

Skill      XL: |  1  2  3  4  5  6  7  8  9 10 11 12 13 14 15 16 |
---------------+-------------------------------------------------+-----
Spellcasting   | 3 5 6 |  6.2
Poison Magic   | 4 5 |  5.8
Conjurations   | 1 2 5 7 8 |  8.4
Air Magic      | 2 4 5 |  5.0
Fire Magic     | 2 3 5 |  5.3
Dodging        | 4 6 9 10 11 13 16 | 16.5
Fighting       | 2 3 5 7 8 9 12 | 12.0
Stealth        | 5 7 10 | 10.0
Ice Magic      | 3 9 12 | 12.2
Shields        | 6 |  6.0
Transmutations | |  1.3

Action                     |  1- 3 |  4- 6 |  7- 9 | 10-12 | 13-15 | 16-18 || total
---------------------------+-------+-------+-------+-------+-------+-------++-------
  Melee: Dagger            |    16 |    22 |    48 |   122 |   255 |       ||   463
         Unarmed           |       |     8 |       |       |       |       ||     8
         Punch             |       |       |       |     2 |     3 |       ||     5
         Rapier            |       |       |       |       |       |    17 ||    17
   Cast: Sting             |    66 |    67 |    55 |     6 |     4 |       ||   198
         Poisonous Vapours |     8 |    57 |    58 |    60 |   105 |     5 ||   293
         Ignite Poison     |       |       |    76 |    88 |   141 |     6 ||   311
         Olgreb's Toxic Ra |       |       |    21 |    29 |    54 |     2 ||   106
         Mephitic Cloud    |       |       |     5 |    15 |     5 |     1 ||    26
         Freezing Cloud    |       |       |       |    17 |    42 |       ||    59
         Ozocubu's Refrige |       |       |       |       |   158 |    30 ||   188
 Invoke: Curse Item        |       |     1 |     3 |     3 |     3 |       ||    10
         Shatter the Chain |       |       |       |     2 |     1 |     1 ||     4
  Evoke: Wand              |       |     2 |       |     3 |     9 |     2 ||    16
         Condenser vane    |       |       |       |       |     1 |     1 ||     2
    Use: Scroll            |     3 |     9 |       |       |     6 |     3 ||    21
         Potion            |       |     2 |       |       |     1 |     1 ||     4
   Stab: Sleeping          |     2 |     1 |     1 |     4 |       |       ||     8
         Invisible         |       |       |       |       |     2 |       ||     2
 Armour: Robe              |       |     1 |     6 |     4 |    26 |       ||    37
         Skin              |       |     6 |       |       |       |       ||     6
  Dodge: Dodged            |    29 |    26 |    77 |    93 |   321 |    19 ||   565
  Block: Other             |       |       |       |       |     8 |       ||     8
         Buckler           |       |       |       |       |    78 |    19 ||    97
